 Dungeon Crawl Stone Soup version 0.29-a0-542-g075992c915 (webtiles) character file.

Game seed: 3074637610066613464

217 Zonian the Sneak (level 5, -13/24 HPs)
             Began as a Spriggan Conjurer on June 4, 2022.
             Shot with an arrow by a centaur (16 damage)
             ... on level 5 of the Dungeon.
             The game lasted 00:13:15 (5293 turns).

Zonian the Sneak (Spriggan Conjurer)                Turns: 5293, Time: 00:13:16

Health: -13/24     AC:  2    Str:  3    XL:     5   Next: 62%
Magic:  15/21      EV: 19    Int: 19    God:
Gold:   129        SH:  0    Dex: 16    Spells: 6/12 levels left

rFire   . . .      SeeInvis +   v - +7 dagger of Otau {speed, Fragile SInv Stlth+}
rCold   . . .      Faith    .   (no shield)
rNeg    . . .      Spirit   .   a - +0 robe
rPois   .          Reflect  .   (helmet restricted)
rElec   .          Harm     .   (no cloak)
rCorr   .          Rampage  .   (gloves unavailable)
Will    .....                   (boots unavailable)
Stlth   ++++......              (no amulet)
HPRegen 0.08/turn               t - ring of magical power
MPRegen 0.17/turn               (no ring)

@: very quick
A: very small, no large weapons, unfitting armour, see invisible, speed 3
a: no special abilities


You were on level 5 of the Dungeon.
You visited 1 branch of the dungeon, and saw 5 of its levels.

You collected 129 gold pieces.

Inventory:

Hand Weapons
 c - a +0 whip
 d - a +0 long sword
 i - a +2 hand axe of flaming
 o - a +0 dagger
 v - the +7 dagger of Otau (weapon) {speed, Fragile SInv Stlth+}
   (You took it off an orc on level 4 of the Dungeon)

   Attacks with this weapon are significantly faster.
   SInv:      It lets you see invisible.
   Fragile:   It will be destroyed if unequipped.
   Stlth:     It makes you more stealthy.
Armour
 a - a +0 robe (worn)
 g - a +1 pair of boots
Jewellery
 t - a ring of magical power (left hand)
Wands
 m - a wand of flame (11)
Scrolls
 e - 2 scrolls of teleportation
 j - a scroll of blinking {unknown}
 l - 2 scrolls of enchant armour {unknown}
 n - 2 scrolls of poison {unknown}
 r - 2 scrolls of amnesia {unknown}
 u - a scroll of fog {unknown}
Potions
 b - 2 potions of magic
 f - a potion of brilliance
 h - 2 potions of haste
 k - a potion of flight {unknown}
 p - 2 potions of berserk rage
 q - 2 potions of ambrosia
 s - a potion of degeneration {unknown}


   Skills:
 + Level 0.7 Short Blades
 + Level 4.4 Dodging
 + Level 5.2 Stealth
 + Level 4.1 Spellcasting
 - Level 3.5 Conjurations
 + Level 0.7 Air Magic
 + Level 0.5 Poison Magic


You had 6 spell levels left.
You knew the following spells:

 Your Spells              Type           Power      Damage    Failure   Level
a - Magic Dart            Conj           68%        1d6       3%          1
b - Searing Ray           Conj           34%        2d5       4%          2
c - Mephitic Cloud        Conj/Pois/Air  9%         N/A       22%         3

Your spell library contained the following spells:

 Spells                   Type           Power      Damage    Failure   Level
 Apportation              Tloc           6%         N/A       14%         1
 Freeze                   Ice            12%        1d4       14%         1
 Necrotize                Necr           12%        1d4       14%         1
 Summon Small Mammal      Summ           12%        N/A       14%         1
 Dazzling Flash           Conj/Hex       20%        N/A       21%         3
 Ignite Poison            Fire/Tmut/Pois 4%         N/A       36%         3
 Frozen Ramparts          Ice            6%         1d2       38%         3
 Fulminant Prism          Conj/Hex       5%         3d7       54%         4
 Hailstorm                Conj/Ice       10%        3d5       54%         4
 Iskenderun's Mystic Bla  Conj/Tloc      10%        2d4       54%         4
 Airstrike                Air            3%         N/A       69%         4
 Summon Lightning Spire   Summ/Air       5%         N/A       75%         4
 Lightning Bolt           Conj/Air       5%         1d17      85%         5
 Freezing Cloud           Conj/Ice/Air   4%         6-21      91%         5


Dungeon Overview and Level Annotations

Branches:
Dungeon (5/15)
 Temple: D:4-7

Altars:
Fedhas
Gozag

Annotations:
D:2 1 runed translucent door, Crazy Yiuf
D:3 Pargi
D:4 Edmund


Innate Abilities, Weirdness & Mutations

You are very small and have problems with some larger weapons.
You are too small for most types of armour.
You have supernaturally acute eyesight. (SInv)
You cover ground extremely quickly. (Speed+++)


Message History

Unknown command.
Casting: Searing Ray (safe; 4% risk of failure)
Confirm with . or Enter, or press ? or * to list all spells.
Aiming: Searing Ray (safe; 4% risk of failure)
Press: ? - help, Shift-Dir - straight line, f - centaur
Aim: a centaur (87% to hit)
The searing ray hits the centaur!
The centaur is moderately wounded. (Press . to maintain the ray.)
The adder hisses angrily.
The centaur wields a +0 shortbow.
The centaur shoots an arrow.
The arrow closely misses you.
The searing ray hits the centaur.
The centaur is heavily wounded.
The searing ray misses the adder.
You hear the rusting of a very distant drain.
The centaur shoots an arrow.
The arrow hits you!
Unknown command.
The searing ray hits the centaur.
The centaur is severely wounded.
The centaur shoots an arrow.
The arrow completely misses you.
The centaur shoots an arrow.
The arrow hits you!
* * * LOW HITPOINT WARNING * * *
Unknown command.
Okay, then.
Okay, then.
Casting: Searing Ray (safe; 4% risk of failure)
Confirm with . or Enter, or press ? or * to list all spells.
Okay, then.
Casting: Searing Ray (safe; 4% risk of failure)
Confirm with . or Enter, or press ? or * to list all spells.
Restarting spell: Searing Ray (safe; 4% risk of failure)
Press: ? - help, Shift-Dir - straight line, f/p - centaur
Aim: a centaur, wielding a +0 shortbow (severely wounded, 87% to hit)
The searing ray hits the centaur.
The centaur is almost dead. (Press . to maintain the ray.)
The centaur shoots an arrow.
The arrow hits you!
Ouch! That really hurt!
You die...

.............####..
#######'##.........
......#..#.........
..................c
..................S
##.....####.##########+#
##...## #....#........
##.## #..Sc'........ #.#
#...##@.###.. #.#
#...###..# ...
#.....#......... .
..8.........#.........
###...###.....#...##...#
'#.#+ ##....##+## ...#
n#.# ... Y##.# .#


You could see a centaur and an adder.

Vanquished Creatures
  A bullfrog (D:3)
  A hound (D:5)
  An iguana (D:4)
  Jessica (D:2)
  2 dart slugs
  3 worms
  4 orcs (D:4)
  3 bats
  5 endoplasms
  2 giant cockroaches (D:4)
  3 goblins (D:4)
  4 hobgoblins
  2 jackals (D:1)
  3 quokkas (D:2)
  6 ball pythons
  4 frilled lizards
  3 kobolds
  5 rats
53 creatures vanquished.

Notes
Turn   | Place    | Note
-------+----------+-------------------------------------------
     0 | D:1      | Zonian the Spriggan Conjurer began the quest for the Orb.
     0 | D:1      | Reached XP level 1. HP: 9/9 MP: 5/5
   538 | D:2      | Reached XP level 2. HP: 13/13 MP: 3/6
   705 | D:2      | Found a runed translucent door.
   706 | D:2      | Noticed Crazy Yiuf
   816 | D:2      | Learned a level 2 spell: Searing Ray
   875 | D:2      | You fall into a shaft and drop 1 floor!
   877 | D:3      | Noticed a bullfrog
   897 | D:3      | Found an opulent altar of Gozag.
  1606 | D:2      | Noticed Jessica
  1611 | D:2      | Killed Jessica
  1612 | D:2      | Reached skill level 4 in Stealth
  1612 | D:2      | Reached XP level 3. HP: 15/16 MP: 2/8
  2488 | D:3      | Killed a bullfrog
  2489 | D:3      | Reached XP level 4. HP: 7/21 MP: 3/10
  2681 | D:3      | Found a blossoming altar of Fedhas.
  2869 | D:3      | Noticed Pargi
  3904 | D:4      | Reached XP level 5. HP: 24/24 MP: 11/11
  4097 | D:4      | Noticed Edmund
  4303 | D:4      | Learned a level 3 spell: Mephitic Cloud
  4503 | D:4      | Identified the +7 dagger of Otau {speed, Fragile SInv
                  | Stlth+}
  4508 | D:4      | Reached skill level 5 in Stealth
  4925 | D:4      | HP: 1/24 [Edmund/puff of flame (7)]
  5058 | D:5      | Entered Level 5 of the Dungeon
  5214 | D:5      | Noticed an ogre
  5216 | D:5      | Noticed a centaur
  5268 | D:5      | Noticed an ice beast
  5278 | D:5      | Noticed a centaur
  5293 | D:5      | Shot with an arrow by a centaur

Illustrated notes

Levels and vault maps discovered:
D:1:      sevenhm_arrival_forest_fort_small_3, layout_loops_cross,
          hellmonk_ecumenical_altar_dog_temple, minmay_heptomino_d4
D:2:      layout_loops_ring, uniq_jessica, uniq_crazy_yiuf_cottage
D:3:      layout_rooms, mainiacjoe_overflow_two_lobes, uniq_pargi
D:4:      layout_loops_corners, uniq_edmund
D:5:      cheibrodos_barr_body, layout_gridville,
          grunt_temple_overflow_cloverleaf, minmay_temple_entry_butterflies,
          portal_sewer_entry_d, uniq_blork_the_orc, uniq_ijyb, uniq_duvessa,
          uniq_prince_ribbit1

Skill      XL: |  1  2  3  4  5 |
---------------+----------------+-----
Conjurations   | 3 |  3.5
Dodging        | 3 4 |  4.4
Spellcasting   | 3 4 |  4.1
Stealth        | 4 5 |  5.2
Short Blades   | |  0.7
Air Magic      | |  0.7
Poison Magic   | |  0.5

Action                   |  1- 3 |  4- 6 || total
-------------------------+-------+-------++-------
Melee: Long sword        |    12 |     1 ||    13
       Unarmed           |     2 |       ||     2
       Dagger            |       |    10 ||    10
 Cast: Magic Dart        |    76 |    65 ||   141
       Searing Ray       |       |     4 ||     4
Evoke: Wand              |     2 |     2 ||     4
  Use: Scroll            |     1 |     6 ||     7
       Potion            |       |     1 ||     1
 Stab: Sleeping          |     2 |     1 ||     3
Armor: Robe              |     3 |     3 ||     6
Dodge: Dodged            |    24 |    27 ||    51

Table legend: (Time is in decaauts)
 A = Elapsed time spent in this place.
 B = Non-inter-level travel time spent in this place.
 C = Inter-level travel time spent in this place.
 D = Time resting spent in this place.
 E = Time spent auto-exploring this place.
 F = Levels seen in this place.
 G = Mean time per level.
                   A        B        C        D        E       F      G
               +--------+--------+--------+--------+--------+-----+--------+
         Total |   4313 |   4255 |     58 |   1733 |   1794 |   5 |  862.6 |
       Dungeon |   4313 |   4255 |     58 |   1733 |   1794 |   5 |  862.6 |
               +--------+--------+--------+--------+--------+-----+--------+

Top non-repeatable levels by time:
     D:2: 1772 daAuts
     D:4: 1352 daAuts
     D:3: 760 daAuts
     D:1: 224 daAuts
     D:5: 203 daAuts
